Map: Old Republic LE

Players

BOSS - Winner!

  • Race: Zerg Zerg
  • League: Master
  • Spawn Location: 1:00

HoldTheDoor

  • Race: Protoss Protoss
  • League: Diamond
  • Spawn Location: 7:00

VOD

Have the link to the VOD?

Description

Time

  • Played on: May 12, 2026, 1:40 p.m.
  • Length: 2:45
Show
View Real Time Build Order
Export as new Build Order

BOSS Zerg - Winner!

Build Orders: Pool First 

Get SALT Encoding   

  12  0:00  Drone  
  13  0:21  Spawning Pool  
  13  0:26  Drone  
  13  0:31  Extractor  
  13  0:33  Drone  
  13  0:42  Overlord  
  13  0:47  Drone  
  14  1:10  Zergling x6  
  17  1:31  Hatchery  
  16  1:35  Zergling x2  
  17  1:42  Zergling x2  
  18  1:55  Zergling x2  
  17  2:20  Zergling x4  
Show
View Real Time Build Order
Export as new Build Order

HoldTheDoor Protoss 

Build Orders:  

Get SALT Encoding   

  12  0:00  Probe  
  13  0:12  Probe  
  14  0:23  Pylon  
  14  0:25  Probe  
  15  0:37  Probe  
  16  0:43  Gateway  
  16  0:45  Probe  
  17  0:52  Assimilator  
  17  0:56  Probe  
  18  1:07  Forge  
  18  1:09  Probe  
  19  1:34  Cybernetics Core  
  19  1:37  Zealot  
  19  1:41  Photon Cannon  
  19  1:45  Probe  
  22  1:53  Assimilator  
  22  1:57  Probe  
  22  2:00  Pylon  
  23  2:21  Probe  
Tags
 
Matchup
PvZ
Opening
Pool First
Replay Pack
SC2Mai2026
Spawn Locations
Cross Positions
Add a new tag
Caveats
  • Supply blocks, unpowered buildings, or Contaminate may cause inaccurate times.
  • Supply counts are checked every 10 seconds.